 Dungeon Crawl Stone Soup version 0.24.0-13-gcf9b3192b9 (webtiles) character file.

Game seed: 4301317504444559715, levelgen mode: deterministic

91 roguesci the Cudgeler (level 4, 0/28 HPs)
             Began as a Gargoyle Fighter on Nov 8, 2019.
             Slain by a gnoll
             ... wielding a +0 halberd
              (11 damage)
             ... on level 2 of the Dungeon.
             The game lasted 00:02:44 (1702 turns).

roguesci the Cudgeler (Gargoyle Fighter)            Turns: 1702, Time: 00:02:44

Health: 0/28       AC: 10    Str: 21    XL:     4   Next: 57%
Magic:  4/4        EV: 12    Int:  8    God:
Gold:   74         SH:  9    Dex: 14    Spells: 3/3 levels left

rFire    . . .     SeeInvis .   a - +0 flail
rCold    . . .     Gourm    .   c - +0 shield
rNeg     + . .     Faith    .   b - +0 scale mail
rPois    ∞         Spirit   .   (no helmet)
rElec    +         Reflect  .   (no cloak)
rCorr    .         Harm     .   (no gloves)
MR       .....                  (no boots)
Stlth    +.........             (no amulet)
HPRegen  0.09/turn              (no ring)
MPRegen  0.09/turn              (no ring)

@: agile
A: negative energy resistance 1, electricity resistance, unbreathing,
petrification resistance, rot immunity, AC +3
a: no special abilities


You were on level 2 of the Dungeon.
You were not hungry.

You visited 1 branch of the dungeon, and saw 2 of its levels.

You collected 74 gold pieces.

Inventory:

Hand Weapons
 a - a +0 flail (weapon)
Armour
 b - a +0 scale mail (worn)
 c - a +0 shield (worn)
Scrolls
 e - a scroll of remove curse {unknown}
 h - a scroll of fog {unknown}
 i - a scroll of teleportation {unknown}
 k - 4 scrolls of identify {unknown}
 m - a scroll of amnesia {unknown}
Potions
 d - a potion of might
 n - a potion of curing {unknown}
Comestibles
 f - 3 rations
 g - 10 chunks of flesh


   Skills:
 - Level 3.2 Fighting
 * Level 4.6 Maces & Flails
 - Level 3.2 Armour
 - Level 3.2 Shields


You had 3 spell levels left.
You didn't know any spells.
Your spell library was empty.

Dungeon Overview and Level Annotations

Branches:
Dungeon (2/15)

Altars:
Dithmenos


Innate Abilities, Weirdness & Mutations

You are resistant to torment.
Your stone body is resilient. (AC +3)
You are immune to poison.
You resist negative energy. (rN+)
You are resistant to electric shocks. (rElec)
You can survive without breathing.
You are immune to petrification.
You are immune to rotting.


Message History

You kill the gnoll!
You block the gnoll's attack.
The kobold throws a stone.
You block the stone.
The gnoll hits you from afar with a +0 halberd.
You barely miss the gnoll. The gnoll hits you.
The kobold throws a stone.
The stone hits you but does no damage. You block the gnoll's attack.
The gnoll hits you but does no damage.
You closely miss the gnoll.
The gnoll hits you from afar with a +0 halberd!
You block the rat's attack. The gnoll barely misses you.
It was a potion of agility.
You feel agile all of a sudden. The gnoll closely misses you.
You block the gnoll's attack. The gnoll hits you with a +0 halberd.
You hit the gnoll.
The gnoll is lightly wounded.
The rat bites you but does no damage. You block the gnoll's attack.
You hit the gnoll.
The gnoll is lightly wounded.
The rat bites you. The gnoll hits you with a +0 halberd!
You die...

÷).##### ....... .......#
#.# .....## ...###.#
#.#....... ...#
#.#......## ÷..#
#.#.#.#...#.# ...#
#...........# ...#
#...)....# ...#####
#g##g.# .......# #.@rg.#
.#.###.### #####.##
.....#...########....###
.#...........[.........#
.##.##...............#.#
###.##...................
###'##...............#####
.....................#
.....#..............##


You could see 3 gnolls and a rat.

Vanquished Creatures
  A gnoll (D:2)
  2 adders (D:2)
  A worm (D:2)
  2 dart slugs (D:1)
  A leopard gecko (D:1)
  2 ball pythons
  A giant cockroach (D:1)
  8 goblins
  6 hobgoblins
  6 jackals
  3 kobolds
  A quokka (D:2)
  6 bats
  5 frilled lizards
  8 rats
53 creatures vanquished.

Notes
Turn   | Place    | Note
-------+----------+-------------------------------------------
     0 | D:1      | roguesci the Gargoyle Fighter began the quest for the Orb.
     0 | D:1      | Reached XP level 1. HP: 14/14 MP: 1/1
    62 | D:1      | Reached XP level 2. HP: 14/19 MP: 2/2
   215 | D:1      | Reached skill level 3 in Maces & Flails
   394 | D:1      | Reached XP level 3. HP: 23/23 MP: 3/3
  1236 | D:2      | Reached skill level 4 in Maces & Flails
  1253 | D:2      | Reached XP level 4. HP: 27/28 MP: 4/4
  1264 | D:2      | Found a shadowy altar of Dithmenos.
  1702 | D:2      | Slain by a gnoll

Levels and vault maps discovered:
D:1:      roderic_octagonal_star, layout_basic
D:2:      layout_basic, nicolae_dithmenos_through_a_glass_darkly

Skill      XL: |  1  2  3 |
---------------+----------+-----
Maces & Flails | 3 4 |  4.6
Fighting       | |  3.2
Armour         | |  3.2
Shields        | |  3.2

Action                   |  1- 3 |  4- 6 || total
-------------------------+-------+-------++-------
Melee: Flail             |   144 |    55 ||   199
  Use: Potion            |     1 |     1 ||     2
  Eat: Chunk             |     1 |     2 ||     3
Armor: Scale mail        |   102 |    30 ||   132
       Skin              |    20 |       ||    20
Dodge: Dodged            |    55 |    11 ||    66
Block: Shield            |   101 |    31 ||   132
